 Dungeon Crawl Stone Soup version 0.29-a0-886-gfb1a3fa8b1 (webtiles) character file.

Game seed: 7578422573314752357

13010 Locuples the Tortoise (level 11, -5/101 HPs)
             Began as a Minotaur Berserker on July 21, 2022.
             Was an Elder of Trog.
             Shot with a bolt by an orc warrior (9 damage)
             ... on level 11 of the Dungeon.
             The game lasted 00:26:57 (14386 turns).

Locuples the Tortoise (Minotaur Berserker)         Turns: 14386, Time: 00:26:58

Health: -5/101     AC: 20    Str: 27    XL:     11   Next: 70%
Magic:  10/10      EV:  9    Int:  4    God:    Trog [****..]
Gold:   550        SH:  0    Dex:  9    Spells: 10/10 levels left

rFire   + . .      SeeInvis .   a - +0 falchion
rCold   + . .      Faith    +   I - orb {light}
rNeg    . . .      Spirit   .   d - +0 plate armour
rPois   +          Reflect  .   g - +2 hat
rElec   .          Harm     .   C - scarf {rC+ rF+}
rCorr   .          Rampage  .   (no gloves)
Will    .....                   A - +0 pair of boots
Stlth   ..........              p - amulet of faith
HPRegen 0.26/turn               x - ring of poison resistance
MPRegen 0.12/turn               (no ring)

@: about to teleport, on berserk cooldown, slowed, glowing, very slow
A: horns 2, retaliatory headbutt
a: Renounce Religion, Berserk, Trog's Hand, Brothers in Arms


You were on level 11 of the Dungeon.
You worshipped Trog.
Trog was greatly pleased with you.
You visited 1 branch of the dungeon, and saw 11 of its levels.

You collected 640 gold pieces.
You spent 90 gold pieces at shops.

Inventory:

Hand Weapons
 a - a +0 falchion (weapon)
Armour
 d - a +0 plate armour (worn)
 g - a +2 hat (worn)
 A - a +0 pair of boots (worn)
 C - a scarf of resistance (worn)
 I - an orb of light (worn)
Jewellery
 i - an amulet of guardian spirit
 p - an amulet of faith (around neck)
 x - a ring of poison resistance (left hand)
Wands
 f - a wand of polymorph (7)
 t - a wand of digging (7)
 y - a wand of roots (21)
 E - a wand of charming (10)
Scrolls
 b - 3 scrolls of silence
 c - 3 scrolls of butterflies
 h - a scroll of identify
 j - 2 scrolls of teleportation
 k - 2 scrolls of noise {unknown}
 n - 2 scrolls of fear {unknown}
 q - a scroll of brand weapon
 r - 2 scrolls of enchant weapon
 u - 2 scrolls of vulnerability {unknown}
 w - 2 scrolls of magic mapping {unknown}
 D - a scroll of enchant armour {unknown}
 F - a scroll of blinking {unknown}
Potions
 e - a potion of lignification {unknown}
 l - 2 potions of flight {unknown}
 m - 8 potions of curing
 s - a potion of magic {unknown}
 v - a potion of resistance {unknown}
 z - 3 potions of brilliance {unknown}
 B - a potion of invisibility {unknown}
 G - a potion of berserk rage {unknown}
 H - 2 potions of mutation {unknown}


   Skills:
 * Level 10.5 Fighting
 * Level 13.3 Long Blades
 * Level 15.4 Armour
 + Level 3.4 Dodging


You had 10 spell levels left.
You didn't know any spells.
Your spell library was empty.

Dungeon Overview and Level Annotations

Branches:
Dungeon (11/15)            Temple (0/1) D:6            Lair (0/5) D:8
    Orc: D:9-12

Altars:
Ashenzari
Dithmenos
Elyvilon
Fedhas
Nemelex Xobeh
Trog
Uskayaw
Xom
Yredelemnul
Zin
The Shining One

Shops:
D:2 :   D:8 [

Annotations:
D:8 exclusion: 3 oklob plants


Innate Abilities, Weirdness & Mutations

You have a pair of horns on your head.
You reflexively headbutt those who attack you in melee.


Message History

Unknown command.
You hack one of the 17-headed hydra's heads off!
The 16-headed hydra grows two more!
You hit the 18-headed hydra.
The 18-headed hydra is severely wounded.
The 18-headed hydra bites you but does no damage. x2
The 18-headed hydra bites you!
* * * LOW HITPOINT WARNING * * *
The 18-headed hydra barely misses you. The 18-headed hydra bites you.
* * * LOW HITPOINT WARNING * * *
The 18-headed hydra bites you but does no damage. x2
The 18-headed hydra bites you.
* * * LOW HITPOINT WARNING * * *
The 18-headed hydra bites you but does no damage. x3
The 18-headed hydra closely misses you. The 18-headed hydra bites you!
* * * LOW HITPOINT WARNING * * *
The 18-headed hydra closely misses you. The 18-headed hydra bites you.
* * * LOW HITPOINT WARNING * * *
The 18-headed hydra bites you but does no damage.
The 18-headed hydra barely misses you. x2
You hack one of the 18-headed hydra's heads off!
The 17-headed hydra grows two more!
You slash the 19-headed hydra! You headbutt the 19-headed hydra!!
The 19-headed hydra is almost dead.
Your skin stops crawling.
You feel less strong-willed.
You lop one of the 19-headed hydra's heads off!
The 18-headed hydra grows two more!
You slash the 20-headed hydra!
You kill the 20-headed hydra!
Trog accepts your kill.
You feel a strong urge to attack something.
You are no longer berserk.
You are exhausted.
You feel yourself slow down.
The orc warrior shouts!
The orc warrior unwields a +0 hand axe.
The orc warrior wields a +0 arbalest.
The orc warrior shoots a bolt.
The bolt barely misses you.
You feel better.
The orc warrior shoots a bolt.
The bolt hits you!
* * * LOW HITPOINT WARNING * * *
As you read the scroll of teleportation, it crumbles to dust.
You feel strangely unstable.
The orc warrior shoots a bolt.
The bolt hits you!
You die...

#..........#
#..........#
#..........#
#.....o....#
#..........#
#..........#
#..........#
#..........#
#@.........#
############


You could see an orc warrior.

Vanquished Creatures
  A hydra (D:11)
  A centaur warrior (D:9)
  A two-headed ogre (D:10)
  Pikel (D:5)
  Joseph (D:9)
  A kobold demonologist (D:11)
  4 trolls
  A hornet (D:9)
  3 wyverns
  A shadow (D:11)
  14 yaks
  4 basilisks (D:8)
  Eustachio (D:5)
  A wraith (D:11)
  5 vampire mosquitoes
  3 acid dragons
  5 water moccasins
  Duvessa (D:5)
  A floating eye (D:8)
  3 orc warriors
  4 ice beasts
  6 centaurs
  2 phantoms
  2 kobold brigands
  3 bullfrogs
  3 necrophages
  4 scorpions
  Dowan (D:5)
  15 killer bees
  5 howler monkeys
  A hound (D:5)
  2 jellies
  8 orc priests
  A human zombie (D:7)
  A gnoll bouda (D:7)
  7 iguanas
  11 orc wizards
  9 gnolls
  11 adders
  A shadow imp (D:7)
  2 white imps (D:7)
  An ufetubus (D:6)
  4 worms
  2 dart slugs
  39 orcs
  9 ball pythons
  A bat (D:1)
  9 endoplasms
  3 giant cockroaches
  9 goblins
  8 hobgoblins
  3 quokkas
  2 frilled lizards (D:1)
  A jackal zombie (D:7)
  13 kobolds
  4 rats
260 creatures vanquished.

Vanquished Creatures (others)
  A wizard (D:5)
  3 fungi (D:8)
  8 plants (D:8)
12 creatures vanquished.

Grand Total: 272 creatures vanquished

Notes
Turn   | Place    | Note
-------+----------+-------------------------------------------
     0 | D:1      | Locuples the Minotaur Berserker began the quest for the
                  | Orb.
     0 | D:1      | Reached XP level 1. HP: 19/19 MP: 0/0
   178 | D:1      | Reached XP level 2. HP: 5/27 MP: 1/1
   888 | D:1      | Reached XP level 3. HP: 27/33 MP: 2/2
  1148 | D:2      | You fall into a shaft and drop 1 floor!
  1157 | D:3      | Noticed a scorpion
  1158 | D:3      | Found a blossoming altar of Fedhas.
  1168 | D:3      | Killed a scorpion
  1169 | D:3      | Reached skill level 3 in Armour
  1169 | D:3      | Reached XP level 4. HP: 29/41 MP: 3/3
  1449 | D:2      | Reached ** piety under Trog
  1648 | D:2      | Reached skill level 5 in Long Blades
  1914 | D:2      | Found Buageckuu's Book Shoppe.
  2264 | D:2      | Reached XP level 5. HP: 42/43 MP: 4/4
  2434 | D:3      | Found a faded altar of an unknown god.
  2465 | D:3      | Reached skill level 4 in Armour
  3064 | D:3      | Reached skill level 5 in Fighting
  3559 | D:4      | Reached XP level 6. HP: 56/56 MP: 5/5
  3648 | D:4      | Reached *** piety under Trog
  3965 | D:4      | Reached skill level 5 in Armour
  4314 | D:4      | Found a hide-covered altar of Uskayaw.
  4318 | D:4      | Found a glowing golden altar of the Shining One.
  4685 | D:5      | Entered Level 5 of the Dungeon
  4713 | D:5      | Reached XP level 7. HP: 5/61 MP: 6/6
  5405 | D:5      | Reached skill level 6 in Armour
  5620 | D:5      | Noticed Eustachio
  5626 | D:5      | Killed Eustachio
  5948 | D:5      | Noticed Duvessa
  5948 | D:5      | Noticed Dowan
  5957 | D:5      | Killed Duvessa
  5958 | D:5      | Reached skill level 7 in Armour
  5958 | D:5      | Reached XP level 8. HP: 70/70 MP: 7/7
  5974 | D:5      | Killed Dowan
  6112 | D:5      | Found a bloodstained altar of Trog.
  6113 | D:5      | Noticed a wizard
  6119 | D:5      | Killed a wizard
  6163 | D:5      | Noticed Pikel
  6175 | D:5      | Killed Pikel
  6176 | D:5      | Reached skill level 8 in Armour
  6732 | D:6      | Found a staircase to the Ecumenical Temple.
  6811 | D:6      | Reached XP level 9. HP: 79/79 MP: 8/8
  6814 | D:6      | Reached skill level 9 in Armour
  6947 | D:6      | Reached skill level 10 in Long Blades
  7111 | D:6      | Reached **** piety under Trog
  7806 | D:7      | Found a shimmering altar of Xom.
  7854 | D:7      | Reached skill level 10 in Armour
  8084 | D:7      | Found a sand-covered staircase.
  8719 | D:7      | Found a sparkling altar of Nemelex Xobeh.
  8719 | D:7      | Found a white marble altar of Elyvilon.
  8830 | D:8      | Found a staircase to the Lair.
  8841 | D:8      | Reached skill level 11 in Armour
  8867 | D:8      | Reached XP level 10. HP: 47/90 MP: 9/9
  8906 | D:8      | Reached skill level 12 in Armour
  9212 | D:8      | Reached skill level 13 in Armour
  9650 | D:8      | Found Intos's Armour Emporium.
  9680 | D:8      | Noticed an oklob plant
  9720 | D:8      | Reached ***** piety under Trog
  9771 | D:8      | Found a basalt altar of Yredelemnul.
  9846 | D:8      | Noticed an oklob plant
  9848 | D:8      | Noticed an oklob plant
 10068 | D:8      | Found a shadowy altar of Dithmenos.
 10715 | D:9      | HP: 3/91 [orc warrior/+0 battleaxe (12)]
 11261 | D:9      | Noticed Joseph
 11267 | D:9      | Noticed a centaur warrior
 11269 | D:9      | Killed Joseph
 11270 | D:9      | Reached XP level 11. HP: 97/97 MP: 10/10
 11672 | D:9      | Killed a centaur warrior
 11673 | D:9      | Reached skill level 14 in Armour
 12012 | D:10     | Entered Level 10 of the Dungeon
 12749 | D:10     | Noticed a two-headed ogre
 12764 | D:10     | Killed a two-headed ogre
 12765 | D:10     | Reached skill level 10 in Fighting
 13155 | D:10     | Found a broken altar of Ashenzari.
 13851 | D:11     | Noticed a sun demon
 14033 | D:11     | Found Zin's Purification Station.
 14036 | D:11     | Found a glowing silver altar of Zin.
 14039 | D:11     | Bought a potion of curing for 90 gold pieces
 14078 | D:11     | Reached skill level 15 in Armour
 14354 | D:11     | Noticed a four-headed hydra
 14376 | D:11     | HP: 7/151 [18-headed hydra (1)]
 14378 | D:11     | Killed a 20-headed hydra
 14385 | D:11     | HP: 4/101 [orc warrior/bolt (11)]
 14386 | D:11     | Shot with a bolt by an orc warrior

Illustrated notes

Levels and vault maps discovered:
D:1:      wheals_arrival_linesprint, layout_basic
D:2:      layout_basic, serial_shops,
          nicolae_shop_temple_entry_statues_fountains,
          kennysheep_generic_room_14
D:3:      layout_loops_corners, mainiacjoe_overflow_alcove_1,
          shapermc_ecumenical_altar_venn, portal_sewer_entry_d
D:4:      layout_loops_corners, minitemple
D:5:      layout_basic, trog_wizard, uniq_pikel, uniq_duvessa, uniq_eustachio
D:6:      layout_basic, minmay_temple_entry_ruins, minmay_manual_mares
D:7:      layout_cave_pools, xom_teletrap_fun, jmf_multi_god_temple,
          enter_ossuary_3, eino_jars
D:8:      layout_loops_ring, mainiacjoe_overflow_surrounded_room,
          grunt_dithmenos_smoke, minmay_lair_entry_grove, serial_shops,
          nicolae_shop_stone, disabler_island
D:9:      minmay_slanted_spiral_squares, layout_basic,
          dilly_guarded_unrand_devastator, uniq_joseph
D:10:     layout_stronghold, ashenzari_altar_1
D:11:     layout_small_grid, erik_orc_4, zin_purify

Skill      XL: |  1  2  3  4  5  6  7  8  9 10 11 |
---------------+----------------------------------+-----
Long Blades    | 4 5 6 8 9 11 12 13 | 13.3
Fighting       | 4 5 6 7 8 9 10 | 10.5
Armour         | 3 4 5 7 8 11 13 15 | 15.4
Dodging        | 3 |  3.4

Action                   |  1- 3 |  4- 6 |  7- 9 | 10-12 || total
-------------------------+-------+-------+-------+-------++-------
Melee: Falchion          |    59 |   188 |   349 |   499 ||  1095
       Headbutt          |     6 |    36 |    67 |   113 ||   222
       Punch             |     1 |     3 |     2 |     3 ||     9
Throw: Throwing net      |       |       |       |     1 ||     1
Invok: Berserk           |     1 |     1 |    11 |    13 ||    26
       Trog's Hand       |       |       |     1 |     9 ||    10
Evoke: Wand              |       |       |       |     1 ||     1
  Use: Potion            |       |     1 |     4 |     8 ||    13
       Scroll            |       |       |     9 |     3 ||    12
 Stab: Held in net/web   |       |       |       |     1 ||     1
Armor: Animal skin       |     9 |       |       |       ||     9
       Plate armour      |    27 |   103 |   235 |   381 ||   746
Dodge: Dodged            |    29 |    75 |   120 |   249 ||   473

Table legend: (Time is in decaauts)
 A = Elapsed time spent in this place.
 B = Non-inter-level travel time spent in this place.
 C = Inter-level travel time spent in this place.
 D = Time resting spent in this place.
 E = Time spent auto-exploring this place.
 F = Levels seen in this place.
 G = Mean time per level.
                   A        B        C        D        E       F      G
               +--------+--------+--------+--------+--------+-----+--------+
         Total |  14405 |  14129 |    276 |   2434 |   9163 |  11 | 1309.5 |
       Dungeon |  14405 |  14129 |    276 |   2434 |   9163 |  11 | 1309.5 |
               +--------+--------+--------+--------+--------+-----+--------+

Top non-repeatable levels by time:
     D:5: 1972 daAuts
    D:10: 1827 daAuts
     D:9: 1802 daAuts
     D:4: 1357 daAuts
     D:8: 1337 daAuts
     D:3: 1319 daAuts
     D:7: 1275 daAuts
     D:1: 1144 daAuts
     D:6: 934 daAuts
     D:2: 898 daAuts
    D:11: 536 daAuts
